 Dungeon Crawl Stone Soup version 0.30.1-3-gfc49f6343a (webtiles) character file.

Game seed: 11147314164590735661

29 shmup the Firebug (level 3, -11/19 HPs)
             Began as a Tengu Fire Elementalist on July 22, 2023.
             Killed from afar by Sigmund (17 damage)
             ... with a bolt of light
             ... on level 2 of the Dungeon.
             The game lasted 00:04:19 (1064 turns).

shmup the Firebug (Tengu Fire Elementalist)         Turns: 1064, Time: 00:04:20

Health: -11/19     AC:  2    Str:  8    XL:     3   Next: 16%
Magic:  6/7        EV: 12    Int: 23    God:
Gold:   29         SH:  0    Dex: 14    Spells: 3/6 levels left

rFire   . . .        e - +0 dagger
rCold   . . .        (no shield)
rNeg    . . .        a - +0 robe
rPois   .            (helmet restricted)
rElec   .            (no cloak)
rCorr   .            (no gloves)
SInv    .            (boots unavailable)
Will    .....        (no amulet)
Stlth   ++           c - +6 ring of intelligence
HPRegen 0.23/turn    (no ring)
MPRegen 0.10/turn

%: no passive effects
@: no status effects
A: beak, talons 3
a: no special abilities


You were on level 2 of the Dungeon.
You visited 1 branch of the dungeon, and saw 2 of its levels.

You collected 29 gold pieces.

Inventory:

Hand Weapons
 e - a +0 dagger (weapon)
Missiles
 d - 9 stones (quivered)
 i - 5 javelins
Armour
 a - a +0 robe (worn)
Jewellery
 c - a +6 ring of intelligence (left hand)
Scrolls
 f - a scroll of fog {unknown}
 g - a scroll of vulnerability {unknown}
 h - a scroll of torment {unknown}
 l - 3 scrolls of identify {unknown}
Potions
 b - a potion of magic
 j - 2 potions of flight {unknown}
 k - a potion of lignification {unknown}
 m - a potion of heal wounds {unknown}


   Skills:
 - Level 2.1 Dodging
 - Level 2.0 Stealth
 - Level 2.0 Spellcasting
 + Level 2.5 Conjurations
 * Level 4.2 Fire Magic


You had 3 spell levels left.
You knew the following spells:

 Your Spells              Type           Power      Damage    Failure   Level
a - Foxfire               Conj/Fire      68%        2x1d7     3%          1
b - Scorch                Fire           42%        2d7       3%          2

Your spell library contained the following spells:

 Spells                   Type           Power      Damage    Failure   Level
 Inner Flame              Hex/Fire       12%        N/A       16%         3
 Volatile Blastmotes      Fire/Tloc      24%        2d12      16%         3
 Ensorcelled Hibernation  Hex/Ice        4%         N/A       19%         2
 Passwall                 Tmut/Erth      1%         N/A       19%         2
 Hailstorm                Conj/Ice       8%         3d4       22%         3
 Swiftness                Air            2%         N/A       36%         3
 Flame Wave               Conj/Fire      17%        2d7       32%         4
 Ice Form                 Ice/Tmut       2%         N/A       77%         4
 Simulacrum               Ice/Necr       1%         N/A       100%        6


Dungeon Overview and Level Annotations

Branches:
Dungeon (2/15)

Altars:

Annotations:
D:2 Sigmund


Innate Abilities, Weirdness & Mutations

You have a beak for a mouth.
You have claws for feet.


Message History

Okay, then.
Found 4 stones.
Found a stone staircase leading up.
You pick up a book of the Tundra and begin reading...
You add the spells Hailstorm, Ice Form and Simulacrum to your library.
j - 2 glowing inky potions (gained 1)
l - 3 scrolls labelled UMASTRI RYUCANGYA (gained 1)
Found an escape hatch in the floor.
A goblin is nearby!
A goblin is nearby!
Casting: Foxfire (safe; 3% risk of failure)
Confirm with . or Enter, or press ? or * to list all spells.
You conjure some foxfire!
The goblin shouts!
An endoplasm comes into view.
The foxfire hits the goblin.
The goblin is heavily wounded.
The foxfire hits the goblin.
The goblin is severely wounded.
Casting: Foxfire (safe; 3% risk of failure)
Confirm with . or Enter, or press ? or * to list all spells.
You conjure some foxfire!
The foxfire hits the goblin.
You kill the goblin!
The endoplasm jiggles.
The foxfire hits the endoplasm.
The endoplasm is almost dead.
Casting: Foxfire (safe; 3% risk of failure)
Confirm with . or Enter, or press ? or * to list all spells.
You conjure some foxfire!
The foxfire hits the endoplasm.
You kill the endoplasm!
Sigmund is nearby!
Sigmund points at you and mumbles some strange words.
The puff of flame hits you!
Ouch! That really hurt!
* * * LOW HITPOINT WARNING * * *
Sigmund zaps a wand.
The bolt of light hits you!
Ouch! That really hurt!
You die...

............▒▒▒..........
▒............)▒..).......
▒▒+▒▒...▒▒.▒▒....▒..........
▒}.}▒ ▒▒}.}▒...)...).......
▒...▒▒▒...▒▒...@...........
▒.......▒▒.........▒▒.....
▒▒..<%.▒▒..........▒▒▒....
▒▒}.}▒▒...%.......▒ ▒▒...
▒▒▒▒▒▒.Q........▒▒ ▒▒▒▒
▒.........▒▒ ▒.......▒▒▒
▒▒▒▒▒▒▒▒▒


You could see Sigmund.

Vanquished Creatures
  A worm (D:1)
  3 endoplasms
  2 giant cockroaches (D:1)
  5 goblins
  4 hobgoblins
  A quokka (D:2)
  2 ball pythons (D:1)
  A frilled lizard (D:1)
  2 kobolds
  2 rats
23 creatures vanquished.

Vanquished Creatures (others)
  65 foxfires
65 creatures vanquished.

Grand Total: 88 creatures vanquished

Notes
Turn   | Place    | Note
-------+----------+-------------------------------------------
     0 | D:1      | shmup the Tengu Fire Elementalist began the quest for the
                  | Orb.
     0 | D:1      | Reached XP level 1. HP: 10/10 MP: 4/4
   386 | D:1      | Reached XP level 2. HP: 15/15 MP: 4/6
   792 | D:2      | Noticed Sigmund
   793 | D:2      | Reached skill level 4 in Fire Magic
   853 | D:1      | Learned a level 2 spell: Scorch
   880 | D:2      | Reached XP level 3. HP: 19/19 MP: 2/7
  1064 | D:2      | Killed from afar by Sigmund

Illustrated notes

Levels and vault maps discovered:
D:1:      minmay_arrival_arboretum_small, layout_rooms, serial_curves,
          eino_curves_03, eino_curves_01, nicolae_kite_square_tiling_tiny
D:2:      layout_rooms, grunt_ministairs_8, serial_park_tiny_2,
          minmay_misc_feat_plants, minmay_misc_feat_diagonals, uniq_sigmund

Skill      XL: |  1  2 |
---------------+-------+-----
Conjurations   | 2 |  2.5
Fire Magic     | 4 |  4.2
Dodging        | |  2.1
Stealth        | |  2.0
Spellcasting   | |  2.0

Action                     || total
---------------------------++-------
   Cast: Foxfire           ||    35
         Scorch            ||     2
  Dodge: Dodged            ||     3
